 Dungeon Crawl Stone Soup version 0.28.0-45-g0d030f2227 (webtiles) character file.

Game seed: 18013617709843561198

804 Descartes the Ruffian (level 7, -1/65 HPs)
             Began as a Troll Warper on Apr 5, 2022.
             Was a Priest of Okawaru.
             Slain by a hornet (16 damage)
             ... on level 5 of the Dungeon.
             The game lasted 00:06:41 (3224 turns).

Descartes the Ruffian (Troll Warper)                Turns: 3224, Time: 00:06:42

Health: -1/65      AC:  4    Str: 25 (26) XL:     7   Next: 60%
Magic:  9/9        EV:  9    Int:  8 (11) God:    Okawaru [***...]
Gold:   210        SH:  0    Dex:  7 (9)  Spells: 10/10 levels left

rFire   . . .      SeeInvis .     - Unarmed
rCold   . . .      Faith    .   (no shield)
rNeg    . . .      Spirit   .   a - +0 robe
rPois   .          Reflect  .   (helmet restricted)
rElec   .          Harm     .   h - scarf {shadows}
rCorr   .          Rampage  .   (gloves unavailable)
Will    .....                   (boots unavailable)
Stlth   +.........              (no amulet)
HPRegen 1.00/turn               e - +6 ring of strength
MPRegen 0.11/turn               (no ring)

@: lethally poisoned (-1 -> -19), attractive, slowed, very slow
A: large, unfitting armour, claws 3, regeneration 1, shaggy fur 1, tough skin 1
a: Renounce Religion, Heroism


You were on level 5 of the Dungeon.
You worshipped Okawaru.
Okawaru was most pleased with you.
You visited 1 branch of the dungeon, and saw 5 of its levels.

You collected 210 gold pieces.

Inventory:

Missiles
 c - 5 boomerangs of dispersal (quivered)
 l - 127 stones
 t - 3 atropa-tipped darts
 B - 8 poisoned darts
Armour
 a - a +0 robe (worn)
 h - a scarf of shadows (worn)
Jewellery
 e - a +6 ring of strength (left claw)
 k - an amulet of faith
Wands
 n - a wand of paralysis (6)
 x - a wand of flame (16)
Scrolls
 b - 2 scrolls of blinking
 f - 3 scrolls of enchant weapon {unknown}
 g - a scroll of identify {unknown}
 o - a scroll of magic mapping {unknown}
 q - a scroll of fear {unknown}
 s - a scroll of teleportation {unknown}
 u - a scroll of silence {unknown}
 w - a scroll of enchant armour {unknown}
 y - a scroll of fog {unknown}
 A - 2 scrolls of immolation {unknown}
Potions
 d - a potion of attraction
 i - a potion of magic {unknown}
 j - a potion of curing
 m - a potion of heal wounds {unknown}
 p - a potion of might {unknown}
 r - a potion of cancellation {unknown}
 v - a potion of degeneration
 z - a potion of berserk rage {unknown}


   Skills:
 - Level 2.0 Fighting
 - Level 2.0 Throwing
 - Level 2.0 Dodging
 - Level 2.0 Shields
 + Level 4.6 Unarmed Combat
 - Level 2.0 Spellcasting
 + Level 3.8 Translocations
 + Level 2.8 Evocations


You had 10 spell levels left.
You didn't know any spells.
Your spell library contained the following spells:

 Spells                   Type           Power      Damage    Failure   Level
 Blink                    Tloc           12%        N/A       12%         2
 Gell's Gravitas          Tloc           6%         N/A       22%         3
 Lesser Beckoning         Tloc           6%         N/A       22%         3
 Teleport Other           Tloc           6%         N/A       22%         3
 Sandblast                Erth           0%         2d4       34%         1
 Shock                    Conj/Air       0%         1d3       34%         1
 Passwall                 Tmut/Erth      0%         N/A       47%         2
 Stone Arrow              Conj/Erth      0%         3d7       71%         3
 Swiftness                Air            0%         N/A       71%         3
 Manifold Assault         Tloc           6%         N/A       91%         5
 Airstrike                Air            0%         N/A       98%         4


Dungeon Overview and Level Annotations

Branches:
Dungeon (5/15)
 Temple: D:4-7

Altars:
Okawaru


Innate Abilities, Weirdness & Mutations

You are too large for most types of armour.
You have claws for hands.
Your natural rate of healing is unusually fast.
You are covered in fur. (AC +1)
You have tough skin. (AC +1)


Message History

Found 6 poisoned darts.
Items here: )))) [[[ ††††.
B - 8 poisoned darts (gained 6)
A hornet comes into view.
The hornet buzzes angrily.
You miss the hornet. The hornet closely misses you.
You closely miss the hornet. The hornet stings you.
You feel yourself slow down. The hornet stings you!
You feel as though you will be slow longer.
You barely miss the hornet. The hornet closely misses you.
The hornet stings you.
You suddenly lose the ability to move!
The hornet stings you.
You are poisoned.
You feel as though you will be slow longer.
You can move again.
It was a potion of attraction.
You feel attractive to monsters.
You feel very sick. The hornet stings you.
You are more poisoned.
You feel as though you will be slow longer.
The hornet stings you.
You feel as though you will be slow longer.
It was a potion of curing.
You feel better. The hornet stings you!
You are poisoned.
You feel as though you will be slow longer.
The hornet stings you!
You are more poisoned.
You feel as though you will be slow longer.
The hornet closely misses you.
It was a potion of degeneration.
There was something very wrong with that liquid.
You feel weakened.
You feel dopey.
You feel clumsy.
You feel extremely sick. The hornet stings you.
* * * LOW HITPOINT WARNING * * *
You are lethally poisoned!
You feel as though you will be slow longer.
The hornet stings you!
You die...

###........
#..........
#..........
#..........
#..........
##....####. #.##..#
#. ##### #)###.####
#.@.## #.# #..# #
#y#..#####.####.#
#.##............###
#. ######..###.....
#. #.## ##..## #.
#.# ##.## #. ##.#
#... #..# ###. #.##
####


You could see a hornet.

Vanquished Creatures
  An ogre (D:5)
  5 scorpions
  A bullfrog zombie (D:5)
  2 hounds
  An orc priest (D:4)
  A centaur skeleton (D:3)
  3 iguanas
  A scorpion zombie (D:5)
  A killer bee zombie (D:5)
  Robin (D:4)
  4 adders
  An adder skeleton (D:4)
  3 dart slugs
  11 orcs
  5 bats
  7 endoplasms
  3 giant cockroaches
  13 goblins
  9 hobgoblins
  A quokka (D:5)
  4 ball pythons
  4 frilled lizards (D:1)
  7 kobolds
  6 rats (D:1)
95 creatures vanquished.

Notes
Turn   | Place    | Note
-------+----------+-------------------------------------------
     0 | D:1      | Descartes the Troll Warper began the quest for the Orb.
     0 | D:1      | Reached XP level 1. HP: 19/19 MP: 1/1
    18 | D:1      | Reached skill level 1 in Throwing
    81 | D:1      | Found a faded altar of an unknown god.
    95 | D:1      | Prayed at the altar of an unknown god.
    95 | D:1      | Became a worshipper of Warmaster Okawaru
    95 | D:1      | Reached * piety under Okawaru
   108 | D:1      | Reached XP level 2. HP: 28/28 MP: 2/2
   621 | D:2      | Reached XP level 3. HP: 35/35 MP: 4/4
  1368 | D:3      | Reached XP level 4. HP: 42/42 MP: 5/5
  1752 | D:3      | Reached skill level 1 in Evocations
  1943 | D:4      | Noticed a scorpion
  1949 | D:4      | Killed a scorpion
  1950 | D:4      | Reached skill level 1 in Shields
  1950 | D:4      | Reached XP level 5. HP: 46/49 MP: 6/6
  2091 | D:4      | Reached ** piety under Okawaru
  2164 | D:4      | Reached skill level 3 in Unarmed Combat
  2525 | D:4      | Reached XP level 6. HP: 22/57 MP: 7/7
  2608 | D:4      | Noticed Robin
  2629 | D:4      | Killed Robin
  2775 | D:5      | Entered Level 5 of the Dungeon
  2867 | D:5      | Reached skill level 4 in Unarmed Combat
  2867 | D:5      | Reached XP level 7. HP: 41/65 MP: 9/9
  2939 | D:5      | Reached *** piety under Okawaru
  3217 | D:5      | Noticed a hornet
  3220 | D:5      | Paralysed by a hornet for 2 turns
  3224 | D:5      | Slain by a hornet

Illustrated notes

Levels and vault maps discovered:
D:1:      dpeg_arrival_tiny_a, layout_rooms, ebering_ecumenical_altar_hall
D:2:      layout_loops_ring, minmay_misc_feat_four_crosses
D:3:      layout_loops_corners, serial_rivers, chequers_serial_rivers_micro_b,
          chequers_serial_rivers_micro_a, chequers_serial_rivers_marsh,
          chequers_serial_rivers_small_a, minmay_misc_feat_tiny, dk_vineyard_2
D:4:      minmay_evil_eye, layout_loops_ring, uniq_robin
D:5:      layout_rooms

Skill      XL: |  1  2  3  4  5  6 |
---------------+-------------------+-----
Throwing       | 1 2 |  2.0
Dodging        | 2 |  2.0
Fighting       | 2 |  2.0
Evocations     | 1 2 |  2.8
Shields        | 1 2 |  2.0
Unarmed Combat | 3 4 |  4.6
Spellcasting   | 2 |  2.0
Translocations | 3 |  3.8

Action                   |  1- 3 |  4- 6 |  7- 9 || total
-------------------------+-------+-------+-------++-------
Melee: Unarmed           |   113 |   146 |    59 ||   318
       Punch             |     2 |     5 |     2 ||     9
  Use: Potion            |       |       |     3 ||     3
Armor: Robe              |    43 |    40 |    13 ||    96
Dodge: Dodged            |    48 |    70 |    32 ||   150
